 Dungeon Crawl Stone Soup version 0.14-a0-218-g24e112a (webtiles) character file.

112 4tharraofdagon the Skirmisher (level 3, 0/29 HPs)
             Began as a Draconian Skald on Oct 8, 2013.
             Slain by an orc priest
             ... wielding a -1,+0 orcish club
              (6 damage)
             ... on Level 3 of the Dungeon.
             The game lasted 00:02:09 (699 turns).

4tharraofdagon the Skirmisher (Draconian Skald)      Turns: 699, Time: 00:02:09

HP   0/29        AC  5     Str 17      XL: 3   Next: 41%
MP   5/6         EV 11     Int 12      God:
Gold 68          SH  0     Dex 10      Spells:  3 memorised,  0 levels left

Res.Fire  : . . .   See Invis. : .     - Unarmed
Res.Cold  : . . .   Warding    : .   (armour unavailable)
Life Prot.: . . .   Conserve   : .   (no shield)
Res.Poison: .       Res.Corr.  : .   (helmet restricted)
Res.Elec. : .       Clarity    : .   (no cloak)
Sust.Abil.: . .     Spirit.Shd : .   (no gloves)
Res.Mut.  : .       Stasis     : .   (no boots)
Res.Rott. : .       Flight     : .   (no amulet)
Saprovore : . . .                    (no ring)
                                     (no ring)

@: very slightly contaminated, not resistant to hostile enchantments, unstealthy
A: unfitting armour, wild magic 1, evolution 1, AC +5, Str +2
a: no special abilities


You were on level 3 of the Dungeon.
You were not hungry.

You visited 1 branch of the dungeon, and saw 4 of its levels.

You collected 48 gold pieces.

Inventory:

Hand weapons
 a - a +0,+0 mace
Comestibles
 d - a bread ration
 h - a meat ration
Scrolls
 b - a scroll of curse jewellery {unknown}
 e - a scroll of teleportation {unknown}
 f - 2 scrolls of identify {unknown}
 i - a scroll of fog {unknown}
Books
 c - a book of Battle

   Spells                             Type                      Level
   *Infusion                          Charms                       1
   *Shroud of Golubria                Charms/Translocation         2
   Song of Slaying                    Charms                       2
   Spectral Weapon                    Hexes/Charms                 3
   *Regeneration                      Charms/Necromancy            3
   Song of Shielding                  Charms                       4


   Skills:
 + Level 2.9 Fighting
 - Level 2.0 Maces & Flails
 - Level 1.3 Dodging
 * Level 2.6 Unarmed Combat
 - Level 2.0 Spellcasting
 - Level 2.6 Charms


You couldn't memorise any spells.
You knew the following spells:

 Your Spells              Type           Power        Failure   Level  Hunger
a - Infusion              Chrm           ##....       22%         1    ##.....
b - Shroud of Golubria    Chrm/Tloc      #.........   43%         2    ###....
c - Regeneration          Chrm/Necr      #.........   71%         3    ####...


Dungeon Overview and Level Annotations

Branches:
Dungeon (4/27)
 Temple: D:4-7

Altars:


Innate Abilities, Weirdness & Mutations

Your plain brown scales are hard (AC +5).
Your body does not fit into most forms of armour.
Your cold-blooded metabolism reacts poorly to cold.
Your muscles are strong. (Str +2)
Your spells are a little harder to cast, but a little more powerful.
You evolve.


Message History

The orc priest mumbles some strange prayers to Beogh against you.
Pain shoots through your body!
You hit the orc priest but do no damage.
You tail-slap the orc priest, but do no damage.
The orc priest is lightly wounded.
You closely miss the orc priest.
You tail-slap the orc priest, but do no damage.
The orc priest is lightly wounded.
The orc priest barely misses you.
You hit the orc priest. You tail-slap the orc priest.
The orc priest is moderately wounded.
The orc priest invokes the aid of Beogh against you.
Pain shoots through your body!
* * * LOW HITPOINT WARNING * * *
You are too injured to fight recklessly!
You are too injured to fight recklessly!
You hit the orc priest but do no damage.
The orc priest is moderately wounded.
The orc priest hits you with an orcish club.
You die...

.# ######.# #......# ####
# #.######.# ..# .#
#........# #.##.#
#%.#####.# #.... ##..#
#####..####.o.#####
.####.........#@#........
#..............#.........
#####...................
#.........##########
#.........# #.........#
#.........# #.........#
#.........#


You could see an orc priest.

Vanquished Creatures
  A gnoll (D:1)
  2 adders
  An ooze (D:1)
  A giant cockroach (D:2)
  2 goblins (D:2)
  5 bats
  A kobold (D:1)
  4 rats
17 creatures vanquished.

Notes
Turn   | Place    | Note
--------------------------------------------------------------
     0 | D:1      | 4tharraofdagon, the Draconian Skald, began the quest for the Orb.
     0 | D:1      | Reached XP level 1. HP: 16/16 MP: 3/3
     0 | D:1      | 4tharraofdagon: this
    18 | D:1      | hurdos: yep
    46 | D:1      | Reached skill level 1 in Unarmed Combat
    60 | D:1      | hurdos: hm ... why Dr?
    70 | D:1      | Reached XP level 2. HP: 5/23 MP: 0/5
   126 | D:1      | Learned a level 2 spell: Shroud of Golubria
   289 | D:2      | Reached XP level 3. HP: 23/29 MP: 0/6
   328 | D:2      | Learned a level 3 spell: Regeneration
   359 | D:3      | 4tharraofdagon: idk
   359 | D:3      | Gained mutation: You evolve. [potion of mutation]
   359 | D:3      | Gained mutation: Your spells are a little harder to cast, but a little more powerful. [potion of mutation]
   359 | D:3      | Gained mutation: Your muscles are strong. (Str +2) [potion of mutation]
   699 | D:3      | Slain by an orc priest

Action                   || total
-------------------------++-------
Melee: Mace              ||    50
       Unarmed           ||    11
 Cast: Infusion          ||     5
  Use: Potion            ||     1
